 Dungeon Crawl Stone Soup version 0.23.0-3-gf3c87f2df8 (webtiles) character file.

Game seed: 5177273649428473135

675 DildoBatman the Stinger (level 7, 0/41 HPs)
             Began as an Octopode Wizard on Feb 22, 2019.
             Was an Initiate of Kikubaaqudgha.
             Slain by a quasit (1 damage)
             ... while paralysed
             ... on level 4 of the Dungeon.
             The game lasted 00:15:37 (3992 turns).

DildoBatman the Stinger (Octopode Wizard)           Turns: 3992, Time: 00:15:37

Health: 0/41       AC:  1    Str:  6      XL:     7   Next: 59%
Magic:  0/11       EV:  2    Int: 22      God:    Kikubaaqudgha [......]
Gold:   214        SH:  0    Dex:  0 (11) Spells: 3/12 levels left

rFire    . . .     SeeInvis .   h - +0 dagger
rCold    . . .     Gourm    .   (no shield)
rNeg     . . .     Faith    .   r - +0 hat
rPois    .         Spirit   .   (no amulet)
rElec    .         Reflect  .   u - ring of wizardry
rCorr    .         Harm     .   (no ring)
MR       .....                  (no ring)
Stlth    ..........             (no ring)
HPRegen  0.13/turn              (no ring)
MPRegen  0.12/turn              (no ring)
                                (no ring)
                                (no ring)

@: paralysed, slowed, lost dexterity
A: almost no armour, stealthy swim, amphibious, 8 rings, constrict 8, camouflage
1, gelatinous body 1
a: Renounce Religion


You were on level 4 of the Dungeon.
You worshipped Kikubaaqudgha.
Kikubaaqudgha was noncommittal.
You were not hungry.

You visited 2 branches of the dungeon, and saw 6 of its levels.

You collected 214 gold pieces.

Inventory:

Hand Weapons
 a - a +0 trident
 h - a +0 dagger (weapon)
 y - a +0 flail
Missiles
 c - 32 arrows
 f - 39 sling bullets
 j - 192 stones (quivered)
 t - 3 javelins
 A - 20 bolts
Armour
 r - a +0 hat (worn)
Jewellery
 u - a ring of wizardry (left tentacle)
Scrolls
 b - a scroll of fog {unknown}
 d - 2 scrolls of remove curse {unknown}
 e - 3 scrolls of identify
 i - a scroll of teleportation
 n - a scroll of enchant armour {unknown}
 s - a scroll of blinking {unknown}
 x - 2 scrolls of magic mapping {unknown}
Potions
 g - 2 potions of curing
 k - a potion of degeneration {unknown}
 l - 2 potions of resistance
 m - a potion of haste {unknown}
 o - a potion of might {unknown}
 p - a potion of heal wounds {unknown}
 q - a potion of ambrosia {unknown}
 w - a potion of agility {unknown}
 z - a potion of magic {unknown}
Comestibles
 v - 6 rations


   Skills:
 - Level 1.1 Polearms
 - Level 2.0 Dodging
 - Level 2.6 Stealth
 - Level 3.0 Spellcasting
 - Level 4.0 Conjurations
 - Level 1.0 Summonings
   Level 1.0 Translocations
 - Level 3.2 Fire Magic
 - Level 3.2 Air Magic
 * Level 5.3 Poison Magic


You had 3 spell levels left.
You knew the following spells:

 Your Spells              Type           Power        Failure   Level  Hunger
a - Conjure Flame         Conj/Fire      ###.....     3%          3    ###....
c - Magic Dart            Conj           ###.         1%          1    None
e - Mephitic Cloud        Conj/Pois/Air  ###.....     2%          3    ###....
g - Call Imp              Summ           #.......     4%          2    ##.....

Your spell library contained the following spells:

 Spells                   Type           Power        Failure   Level  Hunger
 Blink                    Tloc           N/A          4%          2    ##.....
 Slow                     Hex            #.......     8%          2    ##.....


Dungeon Overview and Level Annotations

Branches:
Dungeon (5/15)             Temple (1/1) D:5

Altars:
Ashenzari
Elyvilon
Fedhas
Kikubaaqudgha
Makhleb
Qazlal
Ru
Sif Muna
Uskayaw
Vehumet
Wu Jian
The Shining One

Annotations:
D:3 exclusion: kobold, Natasha


Innate Abilities, Weirdness & Mutations

You cannot wear most types of armour.
You are very stealthy in the water. (Stealth+)
You are amphibious.
You can wear up to eight rings at the same time.
You can use your tentacles to constrict eight enemies at once.
Your skin changes colour to match your surroundings (Stealth+).
Your rubbery body absorbs attacks. (AC +1, EV +1)


Message History

The quasit claws you.
You barely miss the quasit. Your grab misses the quasit.
The quasit is severely wounded.
The quasit bites you. The quasit claws you. The quasit barely misses you.
You miss the quasit. Your grab misses the quasit.
The quasit is severely wounded.
The quasit barely misses you. The quasit claws you.
You feel clumsy. The quasit misses you. The quasit bites you.
You feel clumsy.
You have lost your dexterity.
The quasit claws you. x2
You die...
Kikubaaqudgha rasps: "You have failed me!
Welcome... death!"

###....#............#...#....
#.....####.........##........
###....##.#.......###........
#....[.#.....#...# ##.......
##.....#.....#...# ##.......
##........##[#...###..##....
##..........#.......#..##...#
#####.....##..[...........####...
#..#......##....@........## #....
.................5.......####....
#..#...#.........................
####.###...#.........#...........
### ###.#.......#.............
###.#...##.......#.##.#...
#..............#.###......
#.............##..........
#.........##..............


You could see a quasit.

Vanquished Creatures
  An ice beast (Temple)
  2 centaurs (D:5)
  2 scorpions
  A jelly (D:2)
  3 hounds
  An iguana (Temple)
  An orc wizard (D:4)
  A worker ant (D:5)
  4 adders
  An ooze (D:1)
  2 worms
  2 dart slugs
  A leopard gecko (D:2)
  10 orcs
  9 bats
  7 giant cockroaches
  11 goblins
  4 hobgoblins (D:1)
  4 jackals
  A quokka (D:3)
  A ball python (D:1)
  5 frilled lizards
  A jackal skeleton (D:4)
  4 kobolds
  A leopard gecko skeleton (D:4)
  7 rats
87 creatures vanquished.

Notes
Turn   | Place    | Note
-------+----------+-------------------------------------------
     0 | D:1      | DildoBatman the Octopode Wizard began the quest for the
                  | Orb.
     0 | D:1      | Reached XP level 1. HP: 11/11 MP: 4/4
   202 | D:1      | Reached XP level 2. HP: 17/17 MP: 4/6
   439 | D:1      | Reached XP level 3. HP: 14/21 MP: 1/7
   462 | D:1      | Learned a level 3 spell: Conjure Flame
   466 | D:1      | Learned a level 3 spell: Mephitic Cloud
   982 | D:2      | Reached XP level 4. HP: 21/27 MP: 4/8
  1504 | D:2      | Reached skill level 1 in Poison Magic
  1626 | D:3      | Reached skill level 1 in Fire Magic
  1626 | D:3      | Reached skill level 1 in Air Magic
  1626 | D:3      | Reached XP level 5. HP: 31/31 MP: 4/9
  1857 | D:3      | Noticed Natasha
  1989 | D:3      | Found a white marble altar of Elyvilon.
  2320 | D:4      | Reached skill level 2 in Poison Magic
  2478 | D:4      | Found an ornate altar of the Wu Jian Council.
  2619 | D:4      | Reached XP level 6. HP: 16/36 MP: 5/10
  2638 | D:4      | Learned a level 2 spell: Call Imp
  2800 | D:5      | Entered Level 5 of the Dungeon
  2825 | D:5      | Found a glowing golden altar of the Shining One.
  2872 | D:5      | Found a staircase to the Ecumenical Temple.
  2885 | Temple   | Entered the Ecumenical Temple
  2897 | Temple   | Became a worshipper of Kikubaaqudgha
  2952 | Temple   | Reached skill level 1 in Polearms
  3334 | Temple   | Reached skill level 3 in Poison Magic
  3467 | D:5      | Noticed an ice beast
  3608 | Temple   | Killed an ice beast
  3608 | Temple   | Reached XP level 7. HP: 26/41 MP: 2/11
  3696 | D:5      | Reached skill level 4 in Poison Magic
  3841 | D:5      | Reached skill level 5 in Poison Magic
  3992 | D:4      | Lost dexterity.
  3992 | D:4      | HP: 1/41 [quasit (2)]
  3992 | D:4      | Slain by a quasit

Skill      XL: |  1  2  3  4  5  6  7 |
---------------+----------------------+-----
Conjurations   | 2 3 4 |  4.0
Poison Magic   | 1 2 3 5 |  5.3
Fire Magic     | 1 2 3 |  3.2
Air Magic      | 1 2 3 |  3.2
Polearms       | 1 |  1.1
Dodging        | |  2.0
Stealth        | |  2.6
Spellcasting   | |  3.0
Summonings     | |  1.0
Translocations | |  1.0

Action                   |  1- 3 |  4- 6 |  7- 9 || total
-------------------------+-------+-------+-------++-------
Melee: Unarmed           |    20 |       |       ||    20
       Constrict         |     7 |    18 |     3 ||    28
       Tentacles         |     3 |    11 |     3 ||    17
       Dagger            |     8 |    57 |    13 ||    78
       Trident           |       |    78 |    10 ||    88
 Cast: Magic Dart        |    34 |    69 |    13 ||   116
       Conjure Flame     |     1 |     5 |     3 ||     9
       Mephitic Cloud    |       |    14 |     5 ||    19
  Use: Scroll            |       |     3 |     1 ||     4
 Stab: Sleeping          |     6 |     6 |       ||    12
       Confused          |       |     5 |     2 ||     7
  Eat: Chunk             |       |     9 |       ||     9
       Ration            |       |       |     1 ||     1
Armor: Skin              |     3 |     7 |     5 ||    15
Dodge: Dodged            |    16 |    55 |    47 ||   118
